 Dungeon Crawl Stone Soup version 0.25-a0-510-ge065f6de7d (webtiles) character file.

Game seed: 11796522659620775922, levelgen mode: deterministic

457 Eurus the Magician (level 6, -8/43 HPs)
             Began as a Mummy Conjurer on Feb 15, 2020.
             Mangled by Prince Ribbit (15 damage)
             ... on level 4 of the Dungeon.
             The game lasted 00:11:13 (4955 turns).

Eurus the Magician (Mummy Conjurer)                 Turns: 4955, Time: 00:11:13

Health: -8/43      AC:  5    Str: 12    XL:     6   Next: 77%
Magic:  10/12      EV: 12    Int: 16    God:
Gold:   161        SH:  4    Dex: 12    Spells: 7/14 levels left

rFire    x . .     SeeInvis +   e - +0 dagger
rCold    + . .     Gourm    .   h - +0 buckler
rNeg     + + +     Faith    .   a - +0 robe
rPois    ∞         Spirit   .   t - +0 helmet
rElec    .         Reflect  .   (no cloak)
rCorr    .         Harm     .   u - +0 pair of gloves
MR       .....                  s - +0 pair of boots
Stlth    ++........             (no amulet)
HPRegen  0.14/turn              q - ring of see invisible
MPRegen  0.13/turn              (no ring)

@: no status effects
A: no food or potions, fire vulnerability, cold resistance 1, negative energy
resistance 3, torment resistance, unbreathing
a: no special abilities


You were on level 4 of the Dungeon.
You were not hungry.

You visited 1 branch of the dungeon, and saw 6 of its levels.

You collected 161 gold pieces.

Inventory:

Hand Weapons
 e - a +0 dagger (weapon)
Armour
 a - a +0 robe (worn)
 f - a +1 scale mail of magic resistance
 h - a +0 buckler (worn)
 s - a +0 pair of boots (worn)
 t - a +0 helmet (worn)
 u - a +0 pair of gloves (worn)
Jewellery
 j - an uncursed ring of protection from cold {unknown}
 k - a cursed ring of attention {unknown}
 q - a ring of see invisible (left hand)
Wands
 n - a wand of paralysis (7)
Scrolls
 b - a scroll of random uselessness {unknown}
 c - 5 scrolls of remove curse {unknown}
 d - 5 scrolls of identify {unknown}
 g - a scroll of magic mapping {unknown}
 i - 2 scrolls of blinking {unknown}
 l - a scroll of teleportation {unknown}
 m - 2 scrolls of enchant weapon {unknown}
 o - a scroll of immolation {unknown}
 p - a scroll of fear {unknown}
 r - a scroll of amnesia {unknown}


   Skills:
 - Level 1.1 Fighting
 - Level 0.1 Armour
 - Level 1.5 Dodging
 - Level 1.5 Stealth
 * Level 3.1 Shields
 + Level 4.6 Spellcasting
 + Level 4.4 Conjurations
 + Level 1.9 Translocations


You had 7 spell levels left.
You knew the following spells:

 Your Spells              Type           Power        Failure   Level  Hunger
a - Magic Dart            Conj           ###.         2%          1    N/A
b - Searing Ray           Conj           ###...       4%          2    N/A
c - Iskenderun's Mystic   Conj/Tloc      ##......     43%         4    N/A

Your spell library contained the following spells:

 Spells                   Type           Power        Failure   Level  Hunger
 Dazzling Flash           Conj/Hex       ##....       22%         3    N/A
 Fulminant Prism          Conj/Hex       ##........   56%         4    N/A

Dungeon Overview and Level Annotations

Branches:
Dungeon (6/15)
 Temple: D:4-7

Altars:
Trog
Xom

Annotations:
D:4 Prince Ribbit, Robin
D:5 Dowan, Duvessa
D:6 exclusions: 2 gnolls, ogre and oklob plant


Innate Abilities, Weirdness & Mutations

You do not eat or drink.
Your flesh is vulnerable to fire.
You are immune to poison.
Your flesh is cold resistant. (rC+)
You are immune to negative energy. (rN+++)
You are immune to unholy pain and torment.
You can survive without breathing.


Message History

Prince Ribbit croaks.
An orc wizard comes into view. It is wielding a +0 dagger.
Found a ration.
A worker ant comes into view.
The orc wizard shouts!
Prince Ribbit blinks!
The orc wizard points at you and mumbles some strange words.
The magic dart hits you! Prince Ribbit hits you!!
The worker ant twitches its antennae in your direction.
There is a stone staircase leading up here.
Prince Ribbit hits you!
* * * LOW HITPOINT WARNING * * *
You climb upwards.
Level annotation: Robin An adder skeleton comes into view.
Found a spear.
There is a stone staircase leading down here.
You open the door. Prince Ribbit closely misses you. Prince Ribbit hits you!
You die...

.#... )...#
.#.. + ... .
# #. Z. ... .
#.. .##..## .
#...##.......
. #...'@F.# .
#...##### .
#.. #. #


You could see Prince Ribbit and an adder skeleton.

Vanquished Creatures
  An ogre (D:6)
  2 scorpions
  A crimson imp (D:6)
  A jelly (D:6)
  A bullfrog skeleton (D:4)
  A worker ant (D:6)
  An adder (D:3)
  3 gnolls (D:3)
  3 oozes
  2 adder skeletons
  2 worms
  4 leopard geckos
  4 orcs
  2 ball pythons (D:1)
  5 giant cockroaches
  12 goblins
  6 hobgoblins
  5 jackals
  5 kobolds
  3 quokkas
  7 bats
  16 frilled lizards
  A jackal skeleton (D:6)
  15 rats
103 creatures vanquished.

Notes
Turn   | Place    | Note
-------+----------+-------------------------------------------
     0 | D:1      | Eurus the Mummy Conjurer began the quest for the Orb.
     0 | D:1      | Reached XP level 1. HP: 13/13 MP: 4/4
   176 | D:1      | Reached XP level 2. HP: 17/20 MP: 1/5
   393 | D:1      | Reached skill level 1 in Fighting
   773 | D:1      | Reached XP level 3. HP: 26/26 MP: 3/7
  1880 | D:2      | Reached skill level 1 in Shields
  1880 | D:2      | Reached XP level 4. HP: 21/32 MP: 1/9
  1969 | D:2      | Learned a level 2 spell: Searing Ray
  1974 | D:2      | Learned a level 4 spell: Iskenderun's Mystic Blast
  3164 | D:3      | Found a shattered altar of Ashenzari.
  3166 | D:3      | Found a shimmering altar of Xom.
  3166 | D:3      | Found a glowing golden altar of the Shining One.
  3168 | D:3      | Found an ancient bone altar of Kikubaaqudgha.
  3168 | D:3      | Found a radiant altar of Vehumet.
  3168 | D:3      | Found an opulent altar of Gozag.
  3721 | D:4      | Reached XP level 5. HP: 20/37 MP: 4/10
  3758 | D:4      | Noticed an ogre
  3859 | D:4      | Noticed Robin
  3878 | D:3      | Reached skill level 1 in Translocations
  3991 | D:4      | You fall into a shaft and drop 2 floors!
  4359 | D:6      | Noticed an ogre
  4383 | D:6      | Found a bloodstained altar of Trog.
  4383 | D:6      | Noticed an oklob plant
  4387 | D:6      | Noticed an ogre
  4406 | D:6      | Killed an ogre
  4406 | D:6      | Reached XP level 6. HP: 40/43 MP: 3/12
  4683 | D:5      | Entered Level 5 of the Dungeon
  4683 | D:5      | Noticed Duvessa
  4683 | D:5      | Noticed Dowan
  4908 | D:5      | Noticed Prince Ribbit
  4955 | D:4      | Mangled by Prince Ribbit

Levels and vault maps discovered:
D:1:      ebering_trefoil_3fold, layout_basic, chequers_avenue,
          minmay_shallow_snake_nest
D:2:      layout_basic, minmay_lizard_pond
D:3:      layout_loops_corners, doesnt_xom_only_xom
D:4:      layout_basic, grunt_temple_overflow_gold_and_silver,
          gammafunk_temple_overflow_pools, first_ration,
          hangedman_abyss_or_decor_stagger, uniq_robin
D:5:      layout_cave_pools, serial_rivers, chequers_serial_rivers_large_b,
          chequers_serial_rivers_large_a, chequers_serial_rivers_micro_b,
          chequers_serial_rivers_micro_c, chequers_serial_rivers_room_a,
          grunt_qazlal_clouds, uniq_duvessa, uniq_ijyb, uniq_prince_ribbit1,
          uniq_grinder
D:6:      layout_gridville, basic_altar, minmay_misc_feat_iff,
          lemuel_oklob_altar

Skill      XL: |  1  2  3  4  5  6 |
---------------+-------------------+-----
Spellcasting   | 3 4 |  4.6
Fighting       | 1 |  1.1
Shields        | 1 2 3 |  3.1
Conjurations   | 4 |  4.4
Translocations | 1 |  1.9
Armour         | |  0.1
Dodging        | |  1.5
Stealth        | |  1.5

Action                   |  1- 3 |  4- 6 || total
-------------------------+-------+-------++-------
Melee: Club              |     6 |       ||     6
       Unarmed           |     4 |       ||     4
       Dagger            |    27 |    53 ||    80
 Cast: Magic Dart        |    96 |    44 ||   140
       Searing Ray       |       |    18 ||    18
Armor: Robe              |    14 |    17 ||    31
Dodge: Dodged            |    36 |    45 ||    81
Block: Buckler           |       |     2 ||     2

Table legend:
 A = Non-vault XP
 B = Vault XP
 C = Vault XP percentage of total XP
 D = Non-vault monster count
 E = Vault monster count
 F = Vault count percentage of total count
                 A         B        C        D         E       F
            +---------+---------+-------+---------+---------+-------
      Total |     633 |      20 |   3.1 |      87 |      16 |  15.5
            +---------+---------+-------+---------+---------+-------
        D:1 |      51 |       3 |   5.6 |      32 |       2 |   5.9
        D:2 |      48 |       9 |  15.8 |      23 |       9 |  28.1
        D:3 |      80 |       5 |   5.9 |      14 |       3 |  17.6
        D:4 |     110 |       3 |   2.7 |       3 |       2 |  40.0
        D:5 |      11 |       0 |   0.0 |       3 |       0 |   0.0
        D:6 |     333 |       0 |   0.0 |      12 |       0 |   0.0
            +---------+---------+-------+---------+---------+-------
